 Dungeon Crawl Stone Soup version 0.30-a0-743-gbfdf073431 (webtiles) character file.

Game seed: 18192347838055680386

1818 Dittersdorf the Covered (level 9, 0/57 HPs)
             Began as a Gargoyle Fighter on Feb 7, 2023.
             Was a Follower of Okawaru.
             Slain by a boulder beetle (4 damage)
             ... on level 6 of the Dungeon.
             The game lasted 00:07:28 (4951 turns).

Dittersdorf the Covered (Gargoyle Fighter)          Turns: 4951, Time: 00:07:28

Health: 0/57       AC: 20    Str: 25    XL:     9   Next: 10%
Magic:  18/18      EV:  7    Int:  8    God:    Okawaru [*.....]
Gold:   307        SH:  6    Dex:  9    Spells: 8/8 levels left

rFire   . . .      SeeInvis .    a - +1 flail (freeze)
rCold   . . .      Faith    +    c - +1 buckler
rNeg    + + .      Spirit   .    q - +0 plate armour
rPois   ∞          Reflect  .    (no helmet)
rElec   +          Harm     .    (no cloak)
rCorr   .          Rampage  .    g - +0 pair of gloves
Will    .....                    (no boots) Stlth
                                 m - amulet of faith
HPRegen 0.29/turn                r - ring of magical power
MPRegen 0.16/turn                n - ring of positive energy

@: no status effects
A: sickness immunity, AC +6, negative energy resistance 1, electricity
resistance, torment resistance 1, petrification resistance
a: Renounce Religion, Heroism


You were on level 6 of the Dungeon.
You worshipped Okawaru.
Okawaru was aware of your devotion.
You visited 2 branches of the dungeon, and saw 8 of its levels.

You collected 307 gold pieces.

Inventory:

Hand Weapons
 a - a +1 flail of freezing (weapon)
Missiles
 s - 5 curare-tipped darts (quivered)
Armour
 c - a +1 buckler (worn)
 g - a +0 pair of gloves (worn)
 q - a +0 plate armour (worn)
Jewellery
 i - a ring of fire
 m - an amulet of faith (around neck)
 n - a ring of positive energy (right hand)
 r - a ring of magical power (left hand)
Wands
 f - a wand of flame (5)
Scrolls
 j - 2 scrolls of fog
 k - 3 scrolls of teleportation
 t - a scroll of magic mapping
Potions
 b - a potion of heal wounds
 d - 2 potions of might
 e - a potion of curing
 h - a potion of ambrosia
 l - a potion of brilliance
 o - a potion of resistance
 p - a potion of flight {unknown}


   Skills:
 + Level 7.0 Fighting
 + Level 6.0 Maces & Flails
 + Level 7.1 Armour
 + Level 7.1 Shields


You had 8 spell levels left.
You didn't know any spells.
Your spell library contained the following spells:

 Spells                   Type           Power      Damage    Failure   Level
 Apportation              Tloc           0%         N/A       100%        1
 Magic Dart               Conj           0%         1d3       100%        1
 Necrotise                Necr           0%         1d4       100%        1
 Ignite Poison            Fire/Tmut/Pois 0%         N/A       100%        3
 Mephitic Cloud           Conj/Pois/Air  0%         N/A       100%        3
 Ozocubu's Armour         Ice            0%         N/A       100%        3
 Portal Projectile        Hex/Tloc       0%         N/A       100%        3
 Vampiric Draining        Necr           0%         2d6       100%        3
 Cause Fear               Hex            0%         N/A       100%        4
 Leda's Liquefaction      Hex/Erth       0%         N/A       100%        4
 Sticky Flame             Conj/Fire      0%         2d3       100%        4
 Agony                    Necr           0%         N/A       100%        5
 Metabolic Englaciation   Hex/Ice        0%         N/A       100%        5
 Dragon Form              Tmut           0%         N/A       100%        7
 Ignition                 Fire           0%         3d3       100%        8
 Summon Small Mammal      Summ           Unusable   N/A       N/A         1
 Call Imp                 Summ           Unusable   N/A       N/A         2
 Call Canine Familiar     Summ           Unusable   N/A       N/A         3
 Simulacrum               Ice/Necr       Unusable   N/A       N/A         6
 Dragon's Call            Summ           Unusable   N/A       N/A         9

Dungeon Overview and Level Annotations

Branches:
Dungeon (7/15)             Temple (1/1) D:7

Altars:
Ashenzari
Cheibriados
Dithmenos
Elyvilon
Fedhas
Gozag
Hepliaklqana
Kikubaaqudgha
Makhleb
Nemelex Xobeh
Okawaru
Qazlal
Ru
Trog
Uskayaw
Vehumet
Wu Jian
The Shining One

Shops:
D:5 ?


Innate Abilities, Weirdness & Mutations

You are immune to sickness and miasma.
Your stone body is resilient. (AC +6)
You are immune to poison.
You resist negative energy. (rN+)
You are resistant to electric shocks. (rElec)
You are resistant to unholy torment.
You are immune to petrification.


Message History

You block the bullfrog's attack.
You sock the bullfrog! You freeze the bullfrog.
You kill the bullfrog!
Okawaru accepts your kill.
Your Maces & Flails skill increases to level 6!
You hit the orc. You freeze the orc.
The orc is moderately wounded.
The orc closely misses you.
You closely miss the orc.
The orc is moderately wounded.
You block the orc's attack. The orc hits you but does no damage.
You closely miss the orc.
The orc is moderately wounded.
You block the orc's attack.
You sock the orc! You freeze the orc.
You kill the orc!
Okawaru accepts your kill.
The boulder beetle curls into a ball and begins rolling!
You thump the orc! You freeze the orc.
You kill the orc!
Okawaru accepts your kill. The boulder beetle hits you!!
The boulder beetle stops rolling and uncurls.
You hit the boulder beetle but do no damage.
The boulder beetle bites you but does no damage.
You hit the boulder beetle. You freeze the boulder beetle.
The boulder beetle is lightly wounded.
The boulder beetle bites you!
You hit the boulder beetle but do no damage.
The boulder beetle is lightly wounded.
The boulder beetle bites you!
* * * LOW HITPOINT WARNING * * *
You hit the boulder beetle but do no damage.
The boulder beetle is lightly wounded.
The boulder beetle bites you!
* * * LOW HITPOINT WARNING * * *
You hit the boulder beetle but do no damage.
The boulder beetle is lightly wounded.
The boulder beetle barely misses you. The boulder beetle bites you.
You die...

,** *,<**,,,,,,,,.#.....###..##
,* **.##,,,,,,,,...,*#.....## **
*,,....,,,,,,...**###...##
*******,,,...,,,,,*#.#* ##....#
,,,,,,,,***..,,,,**#.# #.....##
,,,,,,..***#.***** #.# #..###.#
******...#*#.## ####.# ##.## ##.
**#....#..###....####.## #.
**,.......SoB@.##..##..# ##
**,,*##.###.h#####......# ##.
***,,*,,,#...#.#* #...#.## ##..
**,,***,*##.○#..#* #..#...####..)
,,,*,*,*,#°#.#...###.....^.##...#
,,***,**#h###.....##............#
,*,*,*,#.#,*,.#.......###........
,*,,**#.#*#,,##......####........
,*,,,*..,*..##......####.........


You could see a boulder beetle, a black bear, an adder and an orc.

Vanquished Creatures
  Menkaure (D:5)
  2 ice beasts
  An orc warrior (D:6)
  2 ogres
  2 black bears (D:6)
  2 centaurs
  2 bullfrogs (D:6)
  2 necrophages
  A scorpion (D:7)
  A howler monkey (D:5)
  An electric eel (D:6)
  4 hounds
  A jelly (D:4)
  An orc priest (D:7)
  Jessica (D:2)
  4 iguanas
  3 orc wizards
  5 adders
  A shadow imp (D:5)
  A white imp (D:6)
  3 worms
  2 dart slugs
  12 orcs
  5 bats
  7 endoplasms
  6 goblins
  4 hobgoblins
  3 jackals (D:4)
  5 kobolds
  3 quokkas
  8 ball pythons
  A frilled lizard (D:1)
  7 rats
104 creatures vanquished.

Notes
Turn   | Place    | Note
-------+----------+-------------------------------------------
     0 | D:1      | Dittersdorf the Gargoyle Fighter began the quest for the
                  | Orb.
     0 | D:1      | Reached XP level 1. HP: 14/14 MP: 1/1
   122 | D:1      | Reached XP level 2. HP: 19/19 MP: 2/2
   415 | D:1      | Reached XP level 3. HP: 23/23 MP: 3/3
   966 | D:2      | Noticed Jessica
   972 | D:2      | Killed Jessica
   973 | D:2      | Reached XP level 4. HP: 24/29 MP: 4/4
  1421 | D:3      | Reached XP level 5. HP: 29/33 MP: 5/5
  2497 | D:5      | Entered Level 5 of the Dungeon
  2503 | D:5      | Noticed a centaur
  2514 | D:5      | Killed a centaur
  2515 | D:5      | Reached XP level 6. HP: 20/39 MP: 6/6
  2687 | D:5      | Noticed an ice beast
  2730 | D:4      | Killed an ice beast
  2731 | D:4      | Reached skill level 5 in Armour
  2731 | D:4      | Reached skill level 5 in Shields
  2736 | D:4      | Reached skill level 5 in Fighting
  2736 | D:4      | Reached XP level 7. HP: 7/44 MP: 7/7
  2910 | D:5      | Noticed Menkaure
  2921 | D:5      | Killed Menkaure
  3352 | D:5      | Found The Oracle's Delphic Readings.
  3579 | D:6      | Reached XP level 8. HP: 39/51 MP: 8/8
  3747 | D:7      | Reached skill level 5 in Maces & Flails
  3764 | D:7      | Found a staircase to the Ecumenical Temple.
  3886 | Temple   | Entered the Ecumenical Temple
  3893 | Temple   | Became a worshipper of Warmaster Okawaru
  4447 | D:6      | Reached * piety under Okawaru
  4916 | D:6      | Noticed a boulder beetle
  4919 | D:6      | Reached XP level 9. HP: 56/56 MP: 9/9
  4951 | D:6      | Slain by a boulder beetle

Illustrated notes

Levels and vault maps discovered:
D:1:      minmay_arrival_stone_box, layout_loops_ring
D:2:      layout_rooms, chequers_mini_garden, uniq_jessica
D:3:      layout_loops_cross, reono_crystal_passage
D:4:      layout_basic, minmay_misc_feat_cross
D:5:      layout_basic, nicolae_nh_oracle_at_delphi, uniq_menkaure
D:6:      cheibrodos_helix_gallery, layout_layer_cave, minmay_manual_mail
D:7:      minmay_octagon_keep, layout_rooms,
          grunt_temple_overflow_order_and_chaos_1, lemuel_tele_altar, tgw_sif,
          minmay_temple_entry_proselytizer
Temple:   nicolae_temple_no_exploring_needed

Skill      XL: |  1  2  3  4  5  6  7  8  9 |
---------------+----------------------------+-----
Armour         | 4 5 7 |  7.1
Shields        | 4 5 7 |  7.1
Fighting       | 4 5 6 7 |  7.0
Maces & Flails | 3 4 5 6 |  6.0

Action                     |  1- 3 |  4- 6 |  7- 9 || total
---------------------------+-------+-------+-------++-------
  Melee: Flail             |   120 |   126 |   214 ||   460
    Use: Scroll            |     1 |    15 |     5 ||    21
 Armour: Scale mail        |    71 |     6 |       ||    77
         Chain mail        |       |    85 |    45 ||   130
         Plate armour      |       |       |   133 ||   133
  Dodge: Dodged            |    54 |    54 |    76 ||   184
  Block: Buckler           |    30 |    21 |    73 ||   124

Table legend: (Time is in decaauts)
 A = Elapsed time spent in this place.
 B = Non-inter-level travel time spent in this place.
 C = Inter-level travel time spent in this place.
 D = Time resting spent in this place.
 E = Time spent auto-exploring this place.
 F = Levels seen in this place.
 G = Mean time per level.
                   A        B        C        D        E       F      G
               +--------+--------+--------+--------+--------+-----+--------+
         Total |   5066 |   4895 |    171 |    917 |   2872 |   8 |  633.2 |
       Dungeon |   5052 |   4893 |    159 |    917 |   2872 |   7 |  721.7 |
        Temple |     14 |      2 |     12 |      0 |      0 |   1 |   14.0 |
               +--------+--------+--------+--------+--------+-----+--------+

Top non-repeatable levels by time:
     D:6: 1226 daAuts
     D:5: 824 daAuts
     D:4: 814 daAuts
     D:3: 804 daAuts
     D:1: 632 daAuts
     D:2: 497 daAuts
     D:7: 252 daAuts
  Temple: 14 daAuts
